 Dungeon Crawl Stone Soup version 0.28-a0-1404-g4df0f3684d (webtiles) character file.

Game seed: 15174576698237161686

16 lonewolfV2 the Skirmisher (level 2, 0/24 HPs)
             Began as a Demonspawn Fighter on Jan 5, 2022.
             Slain by a gnoll (1 damage)
             ... on level 1 of the Dungeon.
             The game lasted 00:00:56 (290 turns).

lonewolfV2 the Skirmisher (Demonspawn Fighter)       Turns: 290, Time: 00:00:57

Health: 0/24       AC:  8    Str: 16    XL:     2   Next: 37%
Magic:  2/2        EV:  8    Int:  9    God:
Gold:   6          SH:  5    Dex: 18    Spells: 1/1 levels left

rFire   . . .      SeeInvis .   a - +0 war axe
rCold   . . .      Faith    .   c - +0 buckler
rNeg    . . .      Spirit   .   b - +0 scale mail
rPois   .          Reflect  .   (no helmet)
rElec   .          Harm     .   (no cloak)
rCorr   .          Rampage  .   (no gloves)
Will    .....                   (no boots)
Stlth   ..........              (no amulet)
HPRegen 0.08/turn               e - +6 ring of dexterity
MPRegen 0.08/turn               (no ring)

@: mighty
A: slimy green scales 1
a: no special abilities


You were on level 1 of the Dungeon.
You visited 1 branch of the dungeon, and saw 1 of its levels.

You collected 6 gold pieces.

Inventory:

Hand Weapons
 a - a +0 war axe (weapon)
Armour
 b - a +0 scale mail (worn)
 c - a +0 buckler (worn)
Jewellery
 e - a +6 ring of dexterity (left hand)


   Skills:
 + Level 3.2 Fighting
 + Level 1.9 Axes
 + Level 3.1 Armour
 + Level 2.7 Shields


You had one spell level left.
You didn't know any spells.
Your spell library contained the following spells:

 Spells                   Type           Power      Damage    Failure   Level
 Magic Dart               Conj           0%         1d3       88%         1
 Searing Ray              Conj           0%         2d4       96%         2
 Fulminant Prism          Conj/Hex       0%         3d6       100%        4


Dungeon Overview and Level Annotations

Branches:
Dungeon (1/15)

Altars:


Innate Abilities, Weirdness & Mutations

You are partially covered in slimy green scales. (AC +2)


Message History

The ball python barely misses you. The ball python constricts you.
The rat barely misses you.
You escape the ball python's grasp.
You open the door.
The ball python bites you but does no damage.
The ball python grabs you. The ball python constricts you.
The rat bites you but does no damage.
You escape the ball python's grasp.
There is an open door here.
You barely miss the rat. You barely miss the ball python.
The ball python barely misses you. The ball python grabs you.
The ball python constricts you. The rat bites you.
The gnoll hits you but does no damage.
You hit the rat.
You kill the rat!
You slash the ball python!
You kill the ball python!
The gnoll hits you but does no damage. The gnoll hits you with a +0 spear.
* * * LOW HITPOINT WARNING * * *
You hit the gnoll.
The gnoll is lightly wounded.
The gnoll hits you with a +0 spear.
* * * LOW HITPOINT WARNING * * *
You closely miss the gnoll.
The gnoll is lightly wounded.
You block the gnoll's attack. The gnoll closely misses you.
You hit the gnoll.
The gnoll is moderately wounded.
The gnoll hits you with a +0 spear.
* * * LOW HITPOINT WARNING * * *
A frilled lizard comes into view.
The frilled lizard hisses angrily.
You hit the gnoll but do no damage.
The gnoll is moderately wounded.
The gnoll hits you but does no damage. You block the gnoll's attack.
Sorry, you're not good enough to have a special ability.
You feel very mighty all of a sudden. The gnoll hits you with a +0 spear.
You die...

#.# #.# #.# #.# ####.#
###.#############
.....###.#.##..........#
#.....##.#.##........$.#
#.....'..#.............+
#.....##.#'#####.......##
......##.......#†........
.....†##..>....'@g...l...
...###.#.......#######...
...###.#.####### ..
...#)....### ...#[......#
...#.......# ####.......#
##......# #...)..#


You could see a gnoll and a frilled lizard.

Vanquished Creatures
  A dart slug (D:1)
  A ball python (D:1)
  A giant cockroach (D:1)
  3 goblins (D:1)
  2 hobgoblins (D:1)
  2 bats (D:1)
  A frilled lizard (D:1)
  3 rats (D:1)
14 creatures vanquished.

Notes
Turn   | Place    | Note
-------+----------+-------------------------------------------
     0 | D:1      | lonewolfV2 the Demonspawn Fighter began the quest for the
                  | Orb.
     0 | D:1      | Reached XP level 1. HP: 18/18 MP: 1/1
   114 | D:1      | Gained mutation: You are partially covered in slimy green
                  | scales. (AC +2) [demonic ancestry]
   114 | D:1      | Reached XP level 2. HP: 22/24 MP: 2/2
   288 | D:1      | HP: 1/24 [gnoll (5)]
   290 | D:1      | Slain by a gnoll

Illustrated notes

Levels and vault maps discovered:
D:1:      erik_arrival_blinker_ship, layout_basic

Skill      XL: |  1 |
---------------+----+-----
Armour         | 3 |  3.1
Fighting       | |  3.2
Axes           | |  1.9
Shields        | |  2.7

Action                   || total
-------------------------++-------
Melee: War axe           ||    31
  Use: Potion            ||     1
Armor: Scale mail        ||    21
Dodge: Dodged            ||    19
Block: Buckler           ||    12

Table legend: (Time is in decaauts)
 A = Elapsed time spent in this place.
 B = Non-inter-level travel time spent in this place.
 C = Inter-level travel time spent in this place.
 D = Time resting spent in this place.
 E = Time spent auto-exploring this place.
 F = Levels seen in this place.
 G = Mean time per level.
                   A        B        C        D        E       F      G
               +--------+--------+--------+--------+--------+-----+--------+
         Total |    303 |    303 |      0 |      0 |    173 |   1 |  303.0 |
       Dungeon |    303 |    303 |      0 |      0 |    173 |   1 |  303.0 |
               +--------+--------+--------+--------+--------+-----+--------+

Top non-repeatable levels by time:
     D:1: 303 daAuts
